 Dungeon Crawl Stone Soup version 0.32-a0-468-g38b2580584 (webtiles) character file.

Game seed: 3697724062067815091

902 Esekla the Covert (level 8, -2/54 HPs)
             Began as an Octopode Delver on Feb 25, 2024.
             Was an Initiate of Gozag.
             Slain by a steam dragon (5 damage)
             ... on level 6 of the Dungeon.
             The game lasted 00:30:49 (4666 turns).

Esekla the Covert (Octopode Delver)                 Turns: 4666, Time: 00:30:50

Health: -2/54      AC:  5    Str: 11    XL:     8   Next: 7%
Magic:  12/12      EV: 14    Int: 14    God:    Gozag
Gold:   697        SH:  0    Dex: 14    Spells: 11/13 levels left

rFire   . . .        a - +1 long sword (elec)
rCold   . . .        (no shield)
rNeg    . . .        (helmet restricted)
rPois   .            (no amulet)
rElec   .            j - ring of willpower
rCorr   .            k - +4 ring of slaying
SInv    .            o - +4 ring of protection
Will    +....        (no ring)
Stlth   +++++        (no ring)
HPRegen 0.29/turn    (no ring)
MPRegen 0.13/turn    (no ring)
                     (no ring)

%: no passive effects
@: no status effects
A: almost no armour, amphibious, 8 rings, camouflage 1, gelatinous body 1,
(nimble swimmer 1), tentacles
a: Renounce Religion, Potion Petition, Call Merchant, Bribe Branch


You were on level 6 of the Dungeon.
You worshipped Gozag.
Gozag was pleased with you.
You visited 2 branches of the dungeon, and saw 7 of its levels.

You collected 712 gold pieces.
You paid 15 gold pieces to Gozag.

Inventory:

Hand Weapons
 a - a +1 long sword of electrocution (weapon)
 r - a +0 trident
 s - a +0 dagger
Missiles
 n - 9 boomerangs
 q - 6 javelins
 u - 10 poisoned darts (quivered)
Magical Staves
 v - a staff of death
Jewellery
 j - a ring of willpower (left tentacle)
 k - a +4 ring of slaying (right tentacle)
 o - a +4 ring of protection (on tentacle)
 x - a ring of ice
Wands
 f - a wand of digging (3)
 p - a wand of iceblast (10)
 t - a wand of mindburst (11)
Scrolls
 b - a scroll of fog
 d - 5 scrolls of identify {unknown}
 g - a scroll of amnesia {unknown}
 h - 2 scrolls of blinking {unknown}
 l - 2 scrolls of teleportation {unknown}
 m - a scroll of torment {unknown}
 y - a scroll of immolation {unknown}
Potions
 c - a potion of brilliance {unknown}
 e - a potion of haste
 i - a potion of berserk rage {unknown}
 w - 2 potions of magic {unknown}


   Skills:
 * Level 4.3 Fighting
 + Level 1.2(2.7) Short Blades
 + Level 3.7(3.9) Long Blades
 + Level 1.1 Throwing
 * Level 3.7 Dodging
 + Level 8.8 Stealth
 * Level 3.2 Spellcasting
 + Level 3.0 Translocations


You had 11 spell levels left.
You knew the following spells:

 Your Spells              Type           Power      Damage    Failure   Level
b - Blink                 Tloc           20%        N/A       9%          2

Your spell library contained the following spells:

 Spells                   Type           Power      Damage    Failure   Level
 Lesser Beckoning         Tloc           20%        N/A       9%          2
 Momentum Strike          Conj/Tloc      12%        3d8       17%         2
 Stone Arrow              Conj/Erth      4%         3d7       54%         3
 Lehudib's Crystal Spear  Conj/Erth      1%         10d2      100%        8
 Animate Armour           Summ/Erth      Unusable   N/A       N/A         4

Dungeon Overview and Level Annotations

Branches:
Dungeon (6/15)             Temple (1/1) D:5

Altars:
Ashenzari
Elyvilon
Gozag
Hepliaklqana
Kikubaaqudgha
Makhleb
Nemelex Xobeh
Qazlal
Sif Muna
Trog
Uskayaw
Vehumet
Wu Jian
Xom
Yredelemnul
The Shining One

Annotations:
D:5 troll


Innate Abilities, Weirdness & Mutations

You cannot wear most types of armour.
You are amphibious.
You can wear up to eight rings at the same time.
Your skin changes colour to match your surroundings (Stealth+).
Your rubbery body absorbs attacks. (AC +1, EV +1)
((You are camouflaged when in or above water. (Stealth+)))
You have tentacles for arms and can constrict up to eight enemies at once.


Message History

Found a spear.
Okay, then.
You open the door.
There is an open door here.
Found 18 gold pieces.
You now have 697 gold pieces (gained 18).
Found a scroll labelled BEBUJA HEINIG.
A steam dragon comes into view.
d - 5 scrolls labelled BEBUJA HEINIG (gained 1)
Found a stone staircase leading up.
You closely miss the steam dragon.
The steam dragon hisses angrily.
Your squeeze misses the steam dragon.
You hear the crackle of electricity.
a - a +1 long sword of electrocution (weapon)
The steam dragon bites you. The steam dragon closely misses you.
You hit the steam dragon.
The steam dragon is lightly wounded.
The steam dragon bites you!
The steam dragon claws you but does no damage.
You barely miss the steam dragon.
The steam dragon is lightly wounded.
The steam dragon barely misses you. The steam dragon claws you.
You slash the steam dragon! Your squeeze misses the steam dragon.
The steam dragon is moderately wounded.
The steam dragon bites you. The steam dragon completely misses you.
The steam dragon bites you! The steam dragon barely misses you.
You hit the steam dragon.
The steam dragon is heavily wounded.
The steam dragon breathes steam at you. The ball of steam hits you!
Casting: Blink (safe; 9% risk of failure)
Confirm with . or Enter, or press ? or * to list all spells.
Okay, then.
The steam dragon breathes steam at you. The ball of steam hits you!
* * * LOW HITPOINT WARNING * * *
The steam dragon misses you. The steam dragon claws you.
You die...
Your body crumbles into a pile of gold.

.. #.. #.. ... # #..
######.##### #..
####@.........#.###..
#§§§§D...............
####§########.#.###..
#§# #.# #..
#.########.#####.#
#................#
##########........
#.####..# #.# #..#


You could see a steam dragon (catching breath).

Vanquished Creatures
  Duvessa (D:4)
  An orc warrior (D:4)
  3 ogres
  A black bear (D:5)
  Dowan (D:4)
  A bombardier beetle (D:5)
  A jelly (D:5)
  An orc priest (D:4)
  Ijyb (D:3)
  3 orc wizards
  3 gnolls (D:3)
  2 adders
  A shadow imp (D:5)
  A white imp (D:3)
  3 dart slugs
  7 orcs
  11 endoplasms
  4 giant cockroaches
  3 goblins
  4 hobgoblins
  A quokka (D:2)
  4 ball pythons
  5 bats
  7 kobolds
  3 rats (D:3)
73 creatures vanquished.

Notes
Turn   | Place    | Note
-------+----------+-------------------------------------------
     0 | D:5      | Esekla the Octopode Delver began the quest for the Orb.
     0 | D:5      | Reached XP level 1. HP: 16/16 MP: 1/1
    15 | D:5      | Noticed an ice beast
    76 | D:5      | Noticed a jelly
    76 | D:5      | Noticed a troll
   158 | D:5      | Found a staircase to the Ecumenical Temple.
   164 | Temple   | Entered the Ecumenical Temple
   382 | D:5      | Reached XP level 2. HP: 13/21 MP: 2/2
   463 | Temple   | Became a worshipper of Gozag Ym Sagoz the Greedy
   599 | D:4      | Found a burning altar of Makhleb.
   778 | D:4      | Noticed an ogre
   870 | D:4      | Noticed Duvessa
   871 | D:4      | Noticed Dowan
   963 | D:4      | Reached skill level 1 in Spellcasting
   975 | D:4      | Noticed an ogre
  1065 | D:3      | Reached skill level 7 in Stealth
  1102 | D:3      | Reached XP level 3. HP: 26/26 MP: 4/4
  1115 | D:3      | Found a broken altar of Ashenzari.
  1146 | D:2      | Found a broken altar of Ashenzari.
  1253 | D:2      | Learned a level 2 spell: Blink
  2114 | D:2      | Reached XP level 4. HP: 31/31 MP: 5/5
  2348 | D:3      | Found the Hermit's Pendant {Faith Invo=14 Evo=0 MP+5}
  2422 | D:3      | Found a faded altar of an unknown god.
  2470 | D:3      | Noticed Ijyb
  2521 | D:3      | Noticed an ogre
  2523 | D:3      | Killed an ogre
  2524 | D:3      | Reached skill level 1 in Translocations
  2524 | D:3      | Reached XP level 5. HP: 36/36 MP: 5/7
  2701 | D:3      | Killed Ijyb
  2953 | D:3      | Reached skill level 8 in Stealth
  3298 | D:3      | Reached XP level 6. HP: 29/43 MP: 7/9
  3621 | D:4      | Reached skill level 1 in Short Blades
  3840 | D:4      | Killed Duvessa
  3841 | D:4      | Reached XP level 7. HP: 27/48 MP: 10/10
  3842 | D:4      | Killed Dowan
  4194 | D:5      | Reached skill level 1 in Throwing
  4440 | D:5      | Reached XP level 8. HP: 54/54 MP: 12/12
  4665 | D:6      | HP: 2/54 [steam dragon/ball of steam (16)]
  4666 | D:6      | Slain by a steam dragon

Illustrated notes

Levels and vault maps discovered:
D:1:      mrwooster_arrival_arrow, layout_loops_ring
D:2:      layout_basic, basic_altar, minmay_misc_feat_square
D:3:      layout_loops_cross, ashenzari_altar_1, basic_ecumenical_altar,
          minmay_joined_circles, uniq_ijyb
D:4:      layout_basic, mainiacjoe_overflow_24_doors, moated_statue,
          uniq_duvessa
D:5:      layout_loops_ring, minmay_temple_entry_fiery, minmay_misc_feat_iff
D:6:      layout_basic, nicolae_dithmenos_the_darkroom, serial_shops,
          nicolae_shop_hallway_plus, kennysheep_generic_room_15
Temple:   eino_temple_lava

Skill      XL: |  1  2  3  4  5  6  7 |
---------------+----------------------+-----
Spellcasting   | 1 2 3 |  3.2
Stealth        | 7 8 |  8.8
Translocations | 1 2 3 |  3.0
Short Blades   | 1 |  1.2
Fighting       | 4 |  4.3
Dodging        | 3 |  3.7
Long Blades    | 3 |  3.7
Throwing       | 1 |  1.1

Action                     |  1- 3 |  4- 6 |  7- 9 || total
---------------------------+-------+-------+-------++-------
  Melee: Falchion          |    33 |     9 |       ||    42
         Constrict         |    12 |     9 |     7 ||    28
         Tentacles         |     4 |     7 |     3 ||    14
         Dagger            |    15 |    15 |     3 ||    33
         Long sword        |       |    28 |    29 ||    57
  Throw: Javelin           |       |     2 |       ||     2
         Dart              |       |     4 |     5 ||     9
         Boomerang         |       |     3 |       ||     3
   Cast: Blink             |       |     1 |     1 ||     2
    Use: Scroll            |     2 |       |       ||     2
   Stab: Sleeping          |    15 |    12 |     1 ||    28
         Distracted        |     1 |       |     1 ||     2
 Armour: Skin              |    13 |    20 |    23 ||    56
  Dodge: Dodged            |    19 |    22 |    20 ||    61

Table legend: (Time is in decaauts)
 A = Elapsed time spent in this place.
 B = Non-inter-level travel time spent in this place.
 C = Inter-level travel time spent in this place.
 D = Time resting spent in this place.
 E = Time spent auto-exploring this place.
 F = Levels seen in this place.
 G = Mean time per level.
                   A        B        C        D        E       F      G
               +--------+--------+--------+--------+--------+-----+--------+
         Total |   4670 |   4483 |    187 |    862 |    829 |   7 |  667.1 |
       Dungeon |   4650 |   4463 |    187 |    862 |    829 |   6 |  775.0 |
        Temple |     20 |     20 |      0 |      0 |      0 |   1 |   20.0 |
               +--------+--------+--------+--------+--------+-----+--------+

Top non-repeatable levels by time:
     D:3: 1301 daAuts
     D:4: 1155 daAuts
     D:5: 866 daAuts
     D:1: 600 daAuts
     D:2: 554 daAuts
     D:6: 172 daAuts
  Temple: 20 daAuts
